 Dungeon Crawl Stone Soup version 0.24-a0-274-gb3763e6d51 (webtiles) character file.

Game seed: 1012698596711430591

1425 Redear the Skirmisher (level 8, -4/62 (64) HPs)
             Began as a Demonspawn Fighter on Apr 27, 2019.
             Was a Plaything of Xom.
             Slain by a killer bee (6 damage)
             ... on level 7 of the Dungeon.
             The game lasted 00:09:07 (5850 turns).

Redear the Skirmisher (Demonspawn Fighter)          Turns: 5850, Time: 00:09:08

HP:   -4/62 (64)    AC:  6    Str: 25    XL:     8   Next: 44%
MP:   8/8           EV:  9    Int: 10    God:    Xom [*.....]
Gold: 437           SH: 10    Dex: 13    Spells: 7/7 levels left

rFire    . . .     SeeInvis .   a - +0 war axe
rCold    + . .     Gourm    .   c - +0 shield
rNeg     . . .     Faith    .   l - +0 robe of the Vaults {*Drain Str+7} (curse)
rPois    .         Spirit   .   (no helmet)
rElec    .         Reflect  .   (no cloak)
rCorr    .         Harm     .   f - +0 pair of gloves
MR       .....                  g - +0 pair of boots
Stlth    ++........             (no amulet)
HPRegen  0.00/turn              (no ring)
MPRegen  0.11/turn              (no ring)

@: lethally poisoned (-4 -> -43), non-regenerating, diseased
A: claws 1, slimy green scales 1, cold resistance 1, nightstalker 1
a: Renounce Religion


You were on level 7 of the Dungeon.
You worshipped Xom.
You were a special plaything of Xom.
You were very hungry.

You visited 2 branches of the dungeon, and saw 8 of its levels.

You collected 437 gold pieces.

Inventory:

Hand Weapons
 a - a +0 war axe (weapon)
 v - a +3 quarterstaff of chaos
Armour
 b - a +0 scale mail
 c - a +0 shield (worn)
 f - a +0 pair of gloves (worn)
 g - a +0 pair of boots (worn)
 i - a +0 ring mail
 l - the cursed +0 robe of the Vaults (worn) {*Drain Str+7}
   (You found it on level 4 of the Dungeon)

   It affects your strength (+7).
   It causes draining when unequipped.
   It has a curse placed upon it.
 q - a +0 cloak
 u - a +0 cloak
Jewellery
 h - an uncursed ring of see invisible {SInv}
 p - a +5 ring of dexterity {unknown}
 t - an uncursed ring of ice {unknown}
 y - the amulet "Suneni" {Gourm *Slow rElec Int+5 Dex+4, unknown}
   (You found it on level 5 of the Dungeon)

   [amulet of the gourmand]

   It allows you to eat raw meat even when not hungry.
   It affects your intelligence (+5).
   It affects your dexterity (+4).
   It insulates you from electricity.
   It may slow you when you take damage.
Wands
 V - a wand of flame (14)
Scrolls
 e - a scroll of fear {unknown}
 m - 2 scrolls of amnesia {unknown}
 n - a scroll of immolation {unknown}
 w - a scroll of noise
 B - a scroll of enchant weapon {unknown}
 M - 2 scrolls of magic mapping
 N - 3 scrolls of remove curse {@r2}
 R - a scroll of identify {@r1}
 T - 4 scrolls of teleportation {@r3}
Potions
 d - 3 potions of might {Str+5 DMG+1d10 | @q3}
 j - 2 potions of flight {unknown}
 k - 2 potions of magic {unknown}
 o - 3 potions of lignification {unknown}
 r - 2 potions of berserk rage {unknown}
 s - a potion of heal wounds {@q1}
 x - a potion of invisibility {unknown}
 A - a potion of brilliance {unknown}
 Q - a potion of curing {@q2}
Comestibles
 z - 7 rations


   Skills:
 + Level 6.0 Fighting
 + Level 5.0 Axes
 + Level 5.4 Armour
 + Level 5.5 Shields


You had 7 spell levels left.
You didn't know any spells.
Your spell library contained the following spells:

 Spells                   Type           Power        Failure   Level  Hunger
 Animate Skeleton         Necr           N/A          78%         1    ##.....
 Pain                     Necr           #...         78%         1    ##.....
 Regeneration             Chrm/Necr      #.........   98%         3    ####...
 Vampiric Draining        Necr           #.........   98%         3    ####...
 Animate Dead             Necr           N/A          100%        4    #####..


Dungeon Overview and Level Annotations

Branches:
Dungeon (7/15)             Temple (1/1) D:6

Altars:
Ashenzari
Dithmenos
Elyvilon
Fedhas
Gozag
Hepliaklqana
Nemelex Xobeh
Okawaru
Qazlal
Sif Muna
Trog
Uskayaw
Vehumet
Wu Jian
Xom
Yredelemnul
The Shining One

Shops:
D:6 (

Annotations:
D:5 3 runed translucent doors, xsansara's ghost, amateur MiFi


Innate Abilities, Weirdness & Mutations

You have sharp fingernails.
You are partially covered in slimy green scales. (AC +2)
Your flesh is cold resistant. (rC+)
You are slightly more attuned to the shadows.


Message History

The killer bee poisons you!
Your crimson imp closely misses the killer bee.
You take 8 damage, and have 19/62 hp.
Unknown command.
You miss the killer bee.
The killer bee is almost dead.
You miss the killer bee. You hit the leopard gecko skeleton.
* * * LOW HITPOINT WARNING * * *
You feel very sick. You block the killer bee's attack.
The killer bee barely misses you. The killer bee stings you.
* * * LOW HITPOINT WARNING * * *
The killer bee barely misses you.
You block the leopard gecko skeleton's attack.
Your crimson imp misses the killer bee.
The killer bee stings you!
* * * LOW HITPOINT WARNING * * *
Xom is amused.
You are more poisoned.
The killer bee poisons you! The killer bee stings you.
You die...

### .....##
#..# ......#
...##
.....###....#
#8Z8##.....#
..##...#5@....#
....8)8#yyZ...#
.....)...n....#
......8......##
....###.....##
... #.....## ..
#...### . ...##
o..##


You could see a necrophage, 2 killer bees, a leopard gecko skeleton and a
friendly crimson imp.

Vanquished Creatures
  An ice beast (D:5)
  A sky beast (D:6)
  A phantom (D:6)
  An ogre (D:5)
  A centaur (D:6)
  2 big kobolds (D:3)
  2 bullfrogs (D:6)
  2 howler monkeys
  2 hounds (D:6)
  Crazy Yiuf (D:3)
  A centaur zombie (D:3)
  2 orc priests
  A centaur skeleton (D:5)
  4 orc wizards
  An iguana (D:6)
  2 worker ants
  2 hound zombies
  A hound skeleton (D:6)
  8 adders
  3 gnolls (D:6)
  A shadow imp (D:5)
  An adder skeleton (D:6)
  A worm (D:4)
  6 dart slugs
  2 leopard geckos
  12 orcs
  6 bats
  5 giant cockroaches
  6 hobgoblins
  8 jackals
  11 kobolds
  A quokka (D:5)
  2 ball pythons (D:4)
  7 frilled lizards
  8 goblins
  A jackal skeleton (D:7)
  A leopard gecko zombie (D:5)
  8 rats
126 creatures vanquished.

Vanquished Creatures (others)
  A plant (D:4)
1 creature vanquished.

Grand Total: 127 creatures vanquished

Notes
Turn   | Place    | Note
-------+----------+-------------------------------------------
     0 | D:1      | Redear the Demonspawn Fighter began the quest for the Orb.
     0 | D:1      | Reached XP level 1. HP: 18/18 MP: 1/1
   121 | D:1      | Reached skill level 2 in Axes
   182 | D:1      | Gained mutation: You are partially covered in slimy green
                  | scales. (AC +2) [demonic ancestry]
   182 | D:1      | Reached XP level 2. HP: 24/24 MP: 2/2
   716 | D:2      | Reached skill level 3 in Armour
   716 | D:2      | Reached skill level 3 in Shields
   716 | D:2      | Gained mutation: You have sharp fingernails. [demonic
                  | ancestry]
   716 | D:2      | Reached XP level 3. HP: 29/29 MP: 3/3
  1340 | D:2      | Gained mutation: You are slightly more attuned to the
                  | shadows. [demonic ancestry]
  1340 | D:2      | Reached XP level 4. HP: 35/35 MP: 4/4
  2040 | D:3      | Found a runed translucent door.
  2041 | D:3      | Noticed Crazy Yiuf
  2135 | D:3      | Gained mutation: Your flesh is cold resistant. (rC+)
                  | [demonic ancestry]
  2135 | D:3      | Reached XP level 5. HP: 42/42 MP: 5/5
  2144 | D:3      | Reached skill level 4 in Fighting
  2195 | D:3      | Reached skill level 3 in Axes
  2625 | D:3      | Reached XP level 6. HP: 40/48 MP: 6/6
  2632 | D:3      | Reached skill level 4 in Armour
  2632 | D:3      | Reached skill level 4 in Shields
  2865 | D:3      | Killed Crazy Yiuf
  3506 | D:4      | Got a shimmering robe
  3631 | D:4      | Identified the cursed +0 robe of the Vaults {*Drain Str+7}
                  | (You found it on level 4 of the Dungeon)
  4022 | D:5      | Entered Level 5 of the Dungeon
  4022 | D:5      | Noticed xsansara's ghost (amateur MiFi)
  4026 | D:5      | Found a runed translucent gate.
  4033 | D:5      | Reached XP level 7. HP: 42/55 MP: 7/7
  4084 | D:5      | Found a runed translucent gate.
  4084 | D:5      | Found a runed translucent gate.
  4468 | D:5      | Got a smoking jade amulet
  4512 | D:5      | Reached skill level 5 in Fighting
  4512 | D:5      | Reached skill level 4 in Axes
  5013 | D:6      | Found a staircase to the Ecumenical Temple.
  5061 | Temple   | Entered the Ecumenical Temple
  5292 | Temple   | Became a worshipper of Xom of Chaos
  5349 | D:6      | Reached skill level 5 in Shields
  5359 | D:6      | Reached skill level 5 in Armour
  5359 | D:6      | Reached XP level 8. HP: 50/63 MP: 8/8
  5389 | D:6      | XOM: silly message
  5426 | D:6      | Found an iron altar of Okawaru.
  5442 | D:6      | XOM: silly message
  5451 | D:6      | XOM: silly message
  5539 | D:6      | Found Zacrymmoe's Antique Weapon Shop.
  5813 | D:6      | Reached skill level 6 in Fighting
  5836 | D:7      | XOM: 2-stop teleportation journey
  5840 | D:7      | Reached skill level 5 in Axes
  5843 | D:7      | XOM: summons friendly crimson imp
  5850 | D:7      | HP: 2/62 [killer bee (9)]
  5850 | D:7      | Slain by a killer bee

Levels and vault maps discovered:
D:1:      dpeg_arrival_stonehenge_8_columns, layout_loops_ring
D:2:      layout_loops_corners, first_ration
D:3:      cheibrodos_thug_alley, layout_loops_corners, uniq_crazy_yiuf_cottage
D:4:      cheibrodos_old_hovel, layout_loops_ring, saegor_snake_ambush
D:5:      layout_cave_pools, gammafunk_ghost_split, serial_glass,
          glass_columns_a, glass_columns_a
D:6:      layout_basic, overflow_temple_1_default,
          minmay_temple_entry_enclosed_plants, serial_shops, shop_statue
D:7:      minmay_inner_zag, layout_cave_pods, serial_column_ruins,
          column_ruins_hut, column_ruins_columns_straight,
          column_ruins_open_small, column_ruins_corridor_corner,
          column_ruins_grid_1, column_ruins_open_small, elyvilon_altar_4,
          uniq_pikel
Temple:   eino_temple_rhombus

Skill      XL: |  1  2  3  4  5  6  7  8 |
---------------+-------------------------+-----
Axes           | 2 3 4 5 |  5.0
Armour         | 3 4 5 |  5.4
Shields        | 3 4 5 |  5.5
Fighting       | 4 5 6 |  6.0

Action                   |  1- 3 |  4- 6 |  7- 9 || total
-------------------------+-------+-------+-------++-------
Melee: War axe           |    99 |   156 |   120 ||   375
       Quarterstaff      |       |    15 |       ||    15
  Use: Scroll            |       |     6 |       ||     6
       Potion            |       |     1 |     2 ||     3
 Stab: Sleeping          |       |     4 |     2 ||     6
  Eat: Chunk             |     1 |     9 |     5 ||    15
Armor: Scale mail        |    14 |       |       ||    14
       Ring mail         |    57 |    91 |       ||   148
       Robe              |       |     8 |    38 ||    46
Dodge: Dodged            |    63 |   110 |    48 ||   221
Block: Shield            |       |    11 |    74 ||    85

Table legend:
 A = Non-vault XP
 B = Vault XP
 C = Vault XP percentage of total XP
 D = Non-vault monster count
 E = Vault monster count
 F = Vault count percentage of total count
                 A         B        C        D         E       F
            +---------+---------+-------+---------+---------+-------
      Total |    1756 |     280 |  13.8 |     111 |      15 |  11.9
            +---------+---------+-------+---------+---------+-------
        D:1 |      27 |       0 |   0.0 |      13 |       0 |   0.0
        D:2 |      88 |       0 |   0.0 |      23 |       0 |   0.0
        D:3 |     186 |     250 |  57.3 |      31 |      11 |  26.2
        D:4 |     106 |      30 |  22.1 |       5 |       4 |  44.4
        D:5 |     441 |       0 |   0.0 |      12 |       0 |   0.0
        D:6 |     859 |       0 |   0.0 |      22 |       0 |   0.0
        D:7 |      49 |       0 |   0.0 |       5 |       0 |   0.0
            +---------+---------+-------+---------+---------+-------
